 Dungeon Crawl Stone Soup version 0.28.0-43-g3370ac3207 (webtiles) character file.

Game seed: 8849325127876024941

6309 Peloso the Carver (level 10, -6/91 HPs)
             Began as a Minotaur Fighter on Mar 27, 2022.
             Was a Priest of Okawaru.
             Mangled by a gnoll sergeant
             ... wielding a +2 spear of freezing
              (13 damage)
             ... on level 9 of the Dungeon.
             The game lasted 00:15:22 (10360 turns).

Peloso the Carver (Minotaur Fighter)               Turns: 10360, Time: 00:15:23

Health: -6/91      AC: 18    Str: 23    XL:     10   Next: 64%
Magic:  9/9        EV:  8    Int:  5    God:    Okawaru [***...]
Gold:   338        SH:  5    Dex: 12    Spells: 9/9 levels left

rFire   . . .      SeeInvis .   a - +0 long sword
rCold   + . .      Faith    .   c - +0 buckler
rNeg    . . .      Spirit   .   D - +0 plate armour
rPois   +          Reflect  .   (helmet restricted)
rElec   .          Harm     .   (no cloak)
rCorr   .          Rampage  .   t - +0 pair of gloves
Will    .....                   v - +1 pair of boots
Stlth   ..........              (no amulet)
HPRegen 0.25/turn               o - ring of poison resistance
MPRegen 0.11/turn               B - +4 ring of slaying

@: no status effects
A: horns 2, retaliatory headbutt, cold resistance 1
a: Renounce Religion, Heroism


You were on level 9 of the Dungeon.
You worshipped Okawaru.
Okawaru was most pleased with you.
You visited 2 branches of the dungeon, and saw 10 of its levels.
You also visited: Ossuary.

You collected 338 gold pieces.

Inventory:

Hand Weapons
 a - a +0 long sword (weapon)
 b - a +2 whip of flaming
Armour
 c - a +0 buckler (worn)
 t - a +0 pair of gloves (worn)
 v - a +1 pair of boots (worn)
 z - a +0 scale mail
 D - a +0 plate armour (worn)
Jewellery
 o - a ring of poison resistance (left hand)
 A - a ring of wizardry
 B - a +4 ring of slaying (right hand)
 C - a ring of protection from fire
Wands
 y - a wand of iceblast (9)
Scrolls
 g - a scroll of summoning
 n - 2 scrolls of torment {unknown}
 p - a scroll of amnesia
 q - a scroll of enchant weapon
 s - 2 scrolls of teleportation {unknown}
 u - a scroll of noise
 w - a scroll of fog
 x - 2 scrolls of fear {unknown}
Potions
 d - 4 potions of might
 f - 2 potions of mutation
 i - 2 potions of flight
 j - 2 potions of haste
 k - 4 potions of curing
 l - 2 potions of heal wounds
 m - 2 potions of magic


   Skills:
 + Level 9.3 Fighting
 + Level 12.2 Long Blades
 + Level 10.1 Armour
 + Level 5.1 Dodging
 + Level 1.1 Stealth
 + Level 6.8 Shields
 + Level 0.1 Invocations


You had 9 spell levels left.
You didn't know any spells.
Your spell library contained the following spells:

 Spells                   Type           Power      Damage    Failure   Level
 Beastly Appendage        Tmut           0%         N/A       100%        1
 Wereblood                Tmut           0%         N/A       100%        2
 Spider Form              Tmut/Pois      0%         N/A       100%        3
 Petrify                  Tmut/Erth      0%         N/A       100%        4
 Metabolic Englaciation   Hex/Ice        0%         N/A       100%        5
 Statue Form              Tmut/Erth      0%         N/A       100%        6


Dungeon Overview and Level Annotations

Branches:
Dungeon (9/15)             Temple (1/1) D:7         Ossuary (visited)
   Lair: D:8-11         Orc: D:9-12

Altars:
Ashenzari
Cheibriados
Dithmenos
Elyvilon
Fedhas
Gozag
Hepliaklqana
Kikubaaqudgha
Makhleb
Nemelex Xobeh
Okawaru
Qazlal
Ru
Sif Muna
Trog
Uskayaw
Vehumet
Wu Jian
Xom
Yredelemnul
Zin
The Shining One

Shops:
D:1 (


Innate Abilities, Weirdness & Mutations

You have a pair of horns on your head.
You reflexively headbutt those who attack you in melee.
Your flesh is cold resistant. (rC+)


Message History

* * * LOW HITPOINT WARNING * * *
The gnoll sergeant freezes you.
* * * LOW HITPOINT WARNING * * *
You slash the gnoll! Your headbutt misses the gnoll.
The gnoll is heavily wounded.
The gnoll hits you but does no damage.
The gnoll sergeant hits you but does no damage.
You completely miss the gnoll.
The gnoll is heavily wounded.
You block the gnoll's attack.
The gnoll sergeant hits you with a +2 spear of freezing.
* * * LOW HITPOINT WARNING * * *
You hit the gnoll but do no damage.
The gnoll is heavily wounded.
The gnoll hits you but does no damage.
You barely miss the gnoll. You headbutt the gnoll.
You kill the gnoll!
Okawaru accepts your kill.
The gnoll sergeant hits you with a +2 spear of freezing!
* * * LOW HITPOINT WARNING * * *
The gnoll sergeant freezes you.
* * * LOW HITPOINT WARNING * * *
You closely miss the gnoll sergeant.
The gnoll sergeant completely misses you.
You barely miss the gnoll sergeant.
Your headbutt misses the gnoll sergeant.
The gnoll sergeant hits you but does no damage.
You completely miss the gnoll sergeant.
The gnoll sergeant hits you with a +2 spear of freezing!
* * * LOW HITPOINT WARNING * * *
You hit the gnoll sergeant.
Your headbutt misses the gnoll sergeant.
The gnoll sergeant is lightly wounded.
The gnoll sergeant hits you but does no damage.
You hit the gnoll sergeant.
The gnoll sergeant is lightly wounded.
You slash the gnoll sergeant!
The gnoll sergeant is severely wounded.
The gnoll sergeant hits you with a +2 spear of freezing!
You die...

## ###........# #.#
# #........# #.# #
########## #.# #.#
### ..# ..# #####..
..# ######g......
..# #####.)).@)#
..######.....######
..#......#####
....###### ..###
###


You could see a gnoll sergeant.

Vanquished Creatures
  A two-headed ogre (D:9)
  Pikel (D:5)
  2 hornets
  9 yaks
  A wyvern (D:8)
  2 steam dragons
  A water moccasin (D:5)
  Duvessa (D:5)
  2 ice beasts
  An orc warrior (D:8)
  A sky beast (D:5)
  A black bear (D:5)
  2 ogres
  2 necrophages
  2 lemures (D:5)
  2 centaurs (D:7)
  4 kobold brigands (D:9)
  2 elf zombies (Ossuary)
  A bullfrog (D:6)
  2 scorpions (D:5)
  A wyvern skeleton (D:7)
  Dowan (D:5)
  A water moccasin skeleton (D:6)
  5 killer bees (D:9)
  5 wights (D:8)
  A bullfrog zombie (D:6)
  3 human zombies (Ossuary)
  A hound (D:4)
  A centaur zombie (Ossuary)
  A jelly (D:6)
  A centaur skeleton (D:7)
  4 orc priests
  2 bullfrog skeletons (D:6)
  2 iguanas
  3 orc wizards
  2 mummies (Ossuary)
  A howler monkey zombie (D:7)
  4 gnolls (D:9)
  9 adders
  A shadow imp (D:8)
  An ufetubus (D:7)
  3 adder zombies (Ossuary)
  A worm (D:2)
  5 dart slugs
  19 orcs
  5 ball pythons
  3 bats
  8 endoplasms
  A giant cockroach (D:2)
  8 goblins
  12 hobgoblins
  2 jackals (D:2)
  10 kobolds
  5 quokkas
  4 frilled lizards
  8 hobgoblin zombies (Ossuary)
  3 jackal zombies (Ossuary)
  10 kobold zombies (Ossuary)
  6 orc zombies (Ossuary)
  4 rats
  A rat zombie (Ossuary)
208 creatures vanquished.

Vanquished Creatures (others)
  2 plants (D:1)
2 creatures vanquished.

Grand Total: 210 creatures vanquished

Notes
Turn   | Place    | Note
-------+----------+-------------------------------------------
     0 | D:1      | Peloso the Minotaur Fighter began the quest for the Orb.
     0 | D:1      | Reached XP level 1. HP: 19/19 MP: 0/0
    43 | D:1      | Found a faded altar of an unknown god.
    96 | D:1      | Reached XP level 2. HP: 22/27 MP: 1/1
   865 | D:1      | You fall into a shaft and drop 1 floor!
   881 | D:2      | Reached XP level 3. HP: 31/33 MP: 2/2
  1517 | D:2      | Reached skill level 3 in Long Blades
  1689 | D:3      | Reached skill level 1 in Dodging
  1692 | D:3      | Reached XP level 4. HP: 38/41 MP: 3/3
  2572 | D:1      | Found Nifuasue's Weapon Boutique.
  2610 | D:1      | Found a bloodstained altar of Trog.
  2981 | D:4      | Found a sand-covered staircase.
  3033 | Ossuary  | Entered an ossuary
  3158 | Ossuary  | Reached XP level 5. HP: 47/47 MP: 4/4
  3174 | Ossuary  | Gained mutation: Your flesh is cold resistant. (rC+)
                  | [potion of mutation]
  3174 | Ossuary  | Gained mutation: You are weak. (Str -2) [potion of
                  | mutation]
  3174 | Ossuary  | Lost mutation: You are weak. (Str -2) [potion of mutation]
  3175 | Ossuary  | Reached skill level 4 in Long Blades
  3377 | Ossuary  | Reached XP level 6. HP: 46/55 MP: 5/5
  3385 | Ossuary  | Reached skill level 5 in Long Blades
  3395 | Ossuary  | Reached skill level 5 in Fighting
  3395 | Ossuary  | Reached skill level 5 in Armour
  4270 | D:5      | Entered Level 5 of the Dungeon
  4271 | D:5      | Noticed a sky beast
  4342 | D:5      | Noticed a water moccasin
  4344 | D:5      | Noticed Dowan
  4349 | D:5      | Killed a water moccasin
  4350 | D:5      | Reached skill level 6 in Long Blades
  4350 | D:5      | Reached XP level 7. HP: 43/61 MP: 6/6
  4350 | D:5      | Found a glowing silver altar of Zin.
  4351 | D:5      | Noticed Duvessa
  4686 | D:5      | Killed Duvessa
  4701 | D:5      | Killed Dowan
  4951 | D:5      | Noticed a steam dragon
  4963 | D:5      | Reached skill level 5 in Shields
  4967 | D:5      | Killed a steam dragon
  4968 | D:5      | Reached skill level 7 in Long Blades
  5135 | D:5      | Reached XP level 8. HP: 56/70 MP: 7/7
  5237 | D:5      | Found a hazy altar of Hepliaklqana.
  5410 | D:5      | Noticed Pikel
  5453 | D:5      | Killed Pikel
  5454 | D:5      | Reached skill level 8 in Long Blades
  6314 | D:6      | Found a basalt altar of Yredelemnul.
  6407 | D:6      | Reached XP level 9. HP: 77/78 MP: 8/8
  6650 | D:6      | Reached skill level 9 in Long Blades
  6934 | D:7      | Found a staircase to the Ecumenical Temple.
  6942 | Temple   | Entered the Ecumenical Temple
  7062 | Temple   | Became a worshipper of Warmaster Okawaru
  7472 | D:7      | Reached skill level 1 in Stealth
  7494 | D:7      | Found a snail-covered altar of Cheibriados.
  7908 | D:8      | Reached * piety under Okawaru
  7915 | D:8      | Reached skill level 10 in Long Blades
  8563 | D:7      | Reached ** piety under Okawaru
  8564 | D:7      | Reached skill level 11 in Long Blades
  8825 | D:8      | Reached XP level 10. HP: 67/88 MP: 9/9
  9584 | D:9      | Noticed a two-headed ogre
  9591 | D:9      | Killed a two-headed ogre
  9696 | D:9      | Reached skill level 10 in Armour
  9868 | D:9      | Reached *** piety under Okawaru
  9880 | D:9      | Reached skill level 5 in Dodging
 10107 | D:9      | Reached skill level 12 in Long Blades
 10360 | D:9      | Mangled by a gnoll sergeant

Illustrated notes

Levels and vault maps discovered:
D:1:      psy_arrival_terrarium, layout_loops_ring, serial_shops,
          nicolae_shop_behind_doors, serial_forest,
          infiniplex_forest_straight_5, infiniplex_forest_straight_1,
          infiniplex_forest_lined_room_2, infiniplex_forest_straight_1,
          infiniplex_forest_clump_small, infiniplex_forest_end_2,
          infiniplex_forest_clump_curved, infiniplex_forest_lined_2,
          infiniplex_forest_end_double, basic_ecumenical_altar,
          kennysheep_flooded_box, ebering_dispersal_statue_hall
D:2:      layout_basic, serial_corexii_hall, corexii_hall_statues_s,
          chequers_hall_statues_wall_a, corexii_hall_statues_s,
          minmay_hexomino_p4
D:3:      layout_loops_ring, chequers_arboretum
D:4:      layout_gridville, nicolae_ossuary_entry_ruins
D:5:      layout_basic, mainiacjoe_overflow_catch_the_wave, uniq_duvessa,
          uniq_pikel
D:6:      layout_basic, mainiacjoe_overflow_24_doors
D:7:      layout_rooms, lemuel_tele_altar, minmay_temple_entry_mist
D:8:      layout_basic
D:9:      layout_roguey, erik_lair_dragon, minmay_unpleasant_kobolds
Temple:   eino_narrow_crystal_temple

Skill      XL: |  1  2  3  4  5  6  7  8  9 10 |
---------------+-------------------------------+-----
Shields        | 4 5 6 |  6.8
Fighting       | 4 5 6 8 9 |  9.3
Long Blades    | 3 4 6 7 8 11 12 | 12.2
Armour         | 4 5 6 8 9 10 | 10.1
Dodging        | 1 2 3 4 5 |  5.1
Stealth        | 1 |  1.1
Invocations    | |  0.1

Action                   |  1- 3 |  4- 6 |  7- 9 | 10-12 || total
-------------------------+-------+-------+-------+-------++-------
Melee: Long sword        |    82 |   174 |   256 |   138 ||   650
       Headbutt          |    11 |    30 |    59 |    30 ||   130
Invok: Heroism           |       |       |       |     1 ||     1
  Use: Potion            |       |     3 |     2 |       ||     5
       Scroll            |       |       |       |    10 ||    10
Armor: Scale mail        |    55 |    52 |    86 |    11 ||   204
       Plate armour      |       |       |       |    47 ||    47
Dodge: Dodged            |    56 |    91 |    97 |    46 ||   290
Block: Buckler           |    30 |    40 |    52 |    27 ||   149
